 Dungeon Crawl Stone Soup version 0.23.2 (webtiles) character file.

Game seed: 3172379242925749621

99 dvd the Chopper (level 4, -3/42 HPs)
             Began as a Troll Gladiator on Apr 7, 2019.
             Slain by a sky beast (5 damage)
             ... on level 3 of the Dungeon.
             The game lasted 00:03:56 (1638 turns).

dvd the Chopper (Troll Gladiator)                   Turns: 1638, Time: 00:03:56

Health: -3/42      AC:  6    Str: 22    XL:     4   Next: 45%
Magic:  3/3        EV: 11    Int:  4    God:
Gold:   120        SH:  0    Dex: 12    Spells: 3/3 levels left

rFire    . . .     SeeInvis .   a - +0 war axe
rCold    . . .     Gourm    +   (no shield)
rNeg     . . .     Faith    .   b - +0 robe
rPois    .         Spirit   .   c - +0 hat
rElec    .         Reflect  .   (no cloak)
rCorr    .         Harm     .   (gloves unavailable)
MR       .....                  (boots unavailable)
Stlth    ..........             (no amulet)
HPRegen  0.54/turn              l - ring of attention (curse)
MPRegen  0.08/turn              (no ring)

@: no status effects
A: large, unfitting armour, claws 3, fast metabolism 3, gourmand, regeneration
1, shaggy fur 1, tough skin 3
a: no special abilities


You were on level 3 of the Dungeon.
You were completely stuffed.

You visited 1 branch of the dungeon, and saw 3 of its levels.

You collected 120 gold pieces.

Inventory:

Hand Weapons
 a - a +0 war axe (weapon)
 n - a +0 whip
 s - a +0 antimagic morningstar
Missiles
 j - 7 tomahawks (quivered)
Armour
 b - a +0 robe (worn)
 c - a +0 hat (worn)
Jewellery
 l - a cursed ring of attention (left claw)
Scrolls
 e - a scroll of amnesia {unknown}
 g - a scroll of remove curse {unknown}
 i - a scroll of noise {unknown}
 o - 4 scrolls of identify {unknown}
 p - 3 scrolls of blinking {unknown}
 r - 3 scrolls of fear {unknown}
 v - a scroll of teleportation {unknown}
Potions
 h - a potion of curing {unknown}
 k - a potion of invisibility {unknown}
 m - a potion of lignification {unknown}
 t - a potion of ambrosia {unknown}
 u - 2 potions of heal wounds {unknown}
Comestibles
 f - 6 rations
 q - 2 chunks of flesh


   Skills:
 + Level 2.0 Fighting
 + Level 3.5 Axes
 + Level 1.9 Throwing
 + Level 3.2 Dodging


You had 3 spell levels left.
You didn't know any spells.
Your spell library contained the following spells:

 Spells                   Type           Power        Failure   Level  Hunger
 Confusing Touch          Hex            #.....       50%         1    ##.....
 Confuse                  Hex            #.......     86%         3    ####...
 Gell's Gravitas          Tloc           #.........   86%         3    ####...
 Petrify                  Tmut/Erth      #.......     99%         4    #####..
 Metabolic Englaciation   Hex/Ice        #.........   100%        5    ######.
 Yara's Violent Unravell  Hex/Tmut       #.........   100%        5    ######.


Dungeon Overview and Level Annotations

Branches:
Dungeon (3/15)

Altars:
Ashenzari
Nemelex Xobeh
Qazlal
Ru
Wu Jian


Innate Abilities, Weirdness & Mutations

You are too large for most types of armour.
You have claws for hands.
Your metabolism is lightning-fast.
You like to eat raw meat.
Your natural rate of healing is unusually fast.
You are covered in fur. (AC +1)
You have extremely tough skin. (AC +3)


Message History

The sky beast misses you.
You hit the sky beast.
The sky beast is almost dead.
The sky beast closely misses you.
You closely miss the sky beast.
The sky beast is almost dead.
The sky beast hits you.
* * * LOW HITPOINT WARNING * * *
The sky beast shocks you.
* * * LOW HITPOINT WARNING * * *
Unknown command.
You hit the sky beast but do no damage.
The sky beast is almost dead.
The sky beast completely misses you.
You completely miss the sky beast.
The sky beast is almost dead.
The sky beast hits you.
* * * LOW HITPOINT WARNING * * *
The sky beast shocks you.
You die...

###### .....# ####.# ##
#.######## . #........#
.# ###########.###
#.##.##
..............###..(.(..
#####...........@Y(# #
#.#####.#.###.## # #.#.#
#.# # #<#.# #.# # #.#.#
#.# #.#.# #.# #.#.# #.#
#.#.#.# #.# #. #.# ..#
#.###########


You could see a sky beast.

Vanquished Creatures
  A worker ant zombie (D:3)
  An adder (D:2)
  2 dart slugs
  2 leopard geckos (D:1)
  8 orcs (D:3)
  7 bats
  3 giant cockroaches
  7 goblins
  6 hobgoblins
  7 jackals
  2 frilled lizards
  6 kobolds
  6 rats
58 creatures vanquished.

Vanquished Creatures (others)
  An orc wizard (D:3)
1 creature vanquished.

Grand Total: 59 creatures vanquished

Notes
Turn   | Place    | Note
-------+----------+-------------------------------------------
     0 | D:1      | dvd the Troll Gladiator began the quest for the Orb.
     0 | D:1      | Reached XP level 1. HP: 19/19 MP: 0/0
   137 | D:1      | Reached XP level 2. HP: 27/27 MP: 1/1
   535 | D:1      | Reached XP level 3. HP: 35/35 MP: 2/2
   722 | D:2      | Found a faded altar of an unknown god.
  1043 | D:2      | Found a sparkling altar of Nemelex Xobeh.
  1146 | D:2      | Found a sacrificial altar of Ru.
  1223 | D:3      | Found a stormy altar of Qazlal.
  1240 | D:3      | Reached XP level 4. HP: 40/42 MP: 3/3
  1248 | D:3      | Found a shattered altar of Ashenzari.
  1536 | D:3      | Found an ornate altar of the Wu Jian Council.
  1611 | D:3      | Noticed a sky beast
  1636 | D:3      | HP: 2/42 [sky beast (6)]
  1638 | D:3      | Slain by a sky beast

Skill      XL: |  1  2  3 |
---------------+----------+-----
Dodging        | 3 |  3.2
Axes           | 3 |  3.5
Fighting       | 2 |  2.0
Throwing       | |  1.9

Action                   |  1- 3 |  4- 6 || total
-------------------------+-------+-------++-------
Melee: War axe           |   117 |    61 ||   178
Throw: Throwing net      |     2 |     4 ||     6
       Tomahawk          |       |     1 ||     1
  Eat: Chunk             |    17 |     4 ||    21
Armor: Robe              |    59 |    47 ||   106
Dodge: Dodged            |    84 |    62 ||   146
